 Dungeon Crawl Stone Soup version 0.28-a0-1190-g77e1c55843 (webtiles) character file.

Game seed: 135770594337587014

442429 Zonian the Hoplite (level 23, -3/185 HPs)
             Began as a Gnoll Brigand on Dec 15, 2021.
             Was the Champion of Nemelex Xobeh.
             Killed by vampiric draining
             ... invoked by a vampire knight
              (25 damage)
             ... on level 2 of the Depths on Dec 19, 2021.
             The game lasted 05:35:16 (108501 turns).

Zonian the Hoplite (Gnoll Brigand)                Turns: 108501, Time: 05:35:17

Health: -3/185     AC: 22    Str: 14    XL:     23   Next: 80%
Magic:  0/38       EV: 29    Int: 13    God:    Nemelex Xobeh [******]
Gold:   1203       SH: 28    Dex: 27    Spells: 3/53 levels left

rFire   + + .      SeeInvis .   Z - +6 demon blade (venom)
rCold   + + +      Faith    .   Q - +2 kite shield
rNeg    . . .      Spirit   +   h - +1 ring mail of Noxious Awe {rC++ Str+3}
rPois   +          Reflect  .   l - +1 helmet
rElec   .          Harm     .   U - scarf {rC+ rF+}
rCorr   .          Rampage  .   M - +2 pair of gloves {hurl}
Will    +....                   s - +2 pair of boots
Stlth   +++++++...              n - brooch of Shielding {Spirit SH+8}
HPRegen 0.40/turn               X - ring "Rofin" {Dex+6 Slay+3}
MPRegen 0.26/turn               m - ring of Umecuis {rPois rF+ EV+4 Dex+5}

@: very slightly contaminated, slowed, studying 3 skills, very slow
A: fangs 1, strong nose, distributed training, iridescent scales 1, clumsy 1,
dopey 1, low mp 1, weak 1
}: 3/15 runes: decaying, serpentine, silver
a: Renounce Religion, Draw Escape, Draw Destruction, Draw Summoning, Draw Stack,
Triple Draw, Deal Four, Stack Five


You were on level 2 of the Depths.
You worshipped Nemelex Xobeh.
Nemelex Xobeh was exalted by your worship.
You visited 8 branches of the dungeon, and saw 41 of its levels.
You visited the Abyss 2 times.
You also visited: Sewer.

You collected 6199 gold pieces.
You spent 4996 gold pieces at shops.

Inventory:

Hand Weapons
 j - the +12 hand crossbow "Moriubb" {flame, Int+4}
   (You bought it in a shop on level 1 of the Snake Pit)

   Any ammunition fired from it burns those it strikes, dealing additional fire
   damage.
   Int:       It affects your intelligence (+4).
 D - the +7 sceptre of Torment {pain, torment}
   (You found it on level 4 of the Vaults)

   In the hands of one skilled in necromantic magic, it inflicts extra damage on
   living creatures.
   It occasionally torments all nearby living foes when it strikes in combat.
 T - the +5 short sword of Corruption {holy, *Noise Str+5}
   (You took it off a centaur warrior on level 11 of the Dungeon)

   It has been blessed by the Shining One to cause great damage to the undead
   and demons.
   Str:       It affects your strength (+5).
   *Noise:    It may make noises in combat.
 Z - a +6 demon blade of venom (weapon)
Missiles
 e - 6 curare-tipped darts (quivered)
 G - 448 bolts
 I - 21 javelins
Armour
 h - the +1 ring mail of Noxious Awe (worn) {rC++ Str+3}
   (You found it on level 1 of the Vaults)

   Str:       It affects your strength (+3).
   rC:        It greatly protects you from cold.
 l - a +1 helmet (worn)
 s - a +2 pair of boots (worn)
 M - a +2 pair of gloves of hurling (worn)
 Q - a +2 kite shield (worn)
 U - a scarf of resistance (worn)
Jewellery
 a - the ring "Reuckomuoj" {Int+6 Dex+6}
   (You bought it in a shop on level 2 of the Orcish Mines)

   [ring of intelligence]

   Int:       It affects your intelligence (+6).
   Dex:       It affects your dexterity (+6).
 f - a ring of flight
 m - the ring of Umecuis (right hand) {rPois rF+ EV+4 Dex+5}
   (You took it off a deep elf death mage on level 3 of the Elven Halls)

   [ring of evasion]

   EV:        It affects your evasion (+4).
   Dex:       It affects your dexterity (+5).
   rF:        It protects you from fire.
   rPois:     It protects you from poison.
 n - the brooch of Shielding (around neck) {Spirit SH+8}
   (You took it off a fire giant on level 5 of the Vaults)

   [amulet of guardian spirit]

   It causes incoming damage to be divided between your reserves of health and
   magic.
   SH:        It affects your SH (+8).
 o - the ring of Autumn {rElec rPois rF- SInv}
   (You bought it in a shop on level 2 of the Orcish Mines)

   [ring of see invisible]

   rF:        It makes you vulnerable to fire.
   rElec:     It insulates you from electricity.
   rPois:     It protects you from poison.
   SInv:      It lets you see invisible.
 p - a ring of fire
 q - a ring of positive energy
 K - the amulet "Obbunn" {Spirit Str+3 Dex+3}
   (You acquired it on level 7 of the Dungeon)

   [amulet of guardian spirit]

   It causes incoming damage to be divided between your reserves of health and
   magic.
   Str:       It affects your strength (+3).
   Dex:       It affects your dexterity (+3).
 X - the ring "Rofin" (left hand) {Dex+6 Slay+3}
   (You took it off a vault sentinel on level 5 of the Vaults)

   [ring of dexterity]

   Dex:       It affects your dexterity (+6).
   Slay:      It affects your accuracy & damage with ranged weapons and melee
   (+3).
Wands
 c - a wand of acid (6)
 y - a wand of iceblast (9)
 z - a wand of mindburst (19)
 B - a wand of charming (14)
 C - a wand of flame (102)
 W - a wand of digging (18)
Scrolls
 d - a scroll of amnesia
 r - 8 scrolls of fog
 F - 3 scrolls of magic mapping
 L - 7 scrolls of teleportation
 N - a scroll of silence
 P - 4 scrolls of fear
 Y - a scroll of enchant armour
Potions
 g - 9 potions of curing
 i - a potion of resistance
 k - a potion of might
 u - 8 potions of brilliance
 v - 3 potions of cancellation
 w - 4 potions of flight
 H - 4 potions of haste
 S - 2 potions of berserk rage
 V - 2 potions of invisibility
Miscellaneous
 b - a tin of tremorstones (1/2)
 t - a lightning rod (4/4)
 x - a phantom mirror
 J - a condenser vane
 R - a box of beasts


   Skills:
 + Level 16.5 Fighting
 + Level 16.5 Short Blades
 + Level 15.9 Long Blades
 + Level 15.9 Axes
 + Level 15.9 Maces & Flails
 + Level 15.9 Polearms
 + Level 15.9 Staves
 + Level 15.9 Slings
 + Level 15.9 Bows
 + Level 15.9 Crossbows
 + Level 16.5 Throwing
 + Level 16.9 Armour
 + Level 16.1 Dodging
 + Level 17.5 Stealth
 + Level 21.2 Shields
 + Level 16.9 Unarmed Combat
 + Level 15.9 Spellcasting
 + Level 13.5 Conjurations
 + Level 13.5 Hexes
 + Level 13.5 Summonings
 + Level 13.5 Necromancy
 + Level 13.5 Translocations
 + Level 13.5 Transmutations
 + Level 13.5 Fire Magic
 + Level 13.5 Ice Magic
 + Level 13.5 Air Magic
 + Level 13.5 Earth Magic
 + Level 13.5 Poison Magic
 + Level 17.2 Invocations
 + Level 15.9 Evocations


You had 3 spell levels left.
You knew the following spells:

 Your Spells              Type           Power      Damage    Failure   Level
a - Blink                 Tloc           90%        N/A       1%          2
b - Frozen Ramparts       Ice            90%        1d11      1%          3
c - Ozocubu's Armour      Ice            45%        N/A       1%          3
d - Olgreb's Toxic Radia  Pois           45%        N/A       1%          4
e - Mephitic Cloud        Conj/Pois/Air  45%        N/A       1%          3
f - Metabolic Englaciati  Hex/Ice        22%        N/A       1%          5
g - Manifold Assault      Tloc           45%        N/A       1%          5
h - Summon Mana Viper     Hex/Summ       45%        N/A       1%          5
i - Borgnjor's Vile Clut  Necr/Erth      22%        N/A       1%          5
j - Airstrike             Air            22%        N/A       1%          4
k - Statue Form           Tmut/Erth      30%        N/A       5%          6
l - Irradiate             Conj/Tmut      22%        3d21      1%          5

Your spell library contained the following spells:

 Spells                   Type           Power      Damage    Failure   Level
 Beastly Appendage        Tmut           90%        N/A       1%          1
 Foxfire                  Conj/Fire      100%       2x1d9     1%          1
 Magic Dart               Conj           100%       1d8       1%          1
 Shock                    Conj/Air       100%       1d9       1%          1
 Slow                     Hex            100%       N/A       1%          1
 Sting                    Tmut/Pois      100%       1d8       1%          1
 Corpse Rot               Necr/Air       90%        N/A       1%          2
 Ensorcelled Hibernation  Hex/Ice        90%        N/A       1%          2
 Passwall                 Tmut/Erth      37%        N/A       1%          2
 Poisonous Vapours        Pois/Air       90%        N/A       1%          2
 Searing Ray              Conj           90%        2d7       1%          2
 Static Discharge         Conj/Air       45%        N/A       1%          2
 Sublimation of Blood     Necr           45%        N/A       1%          2
 Wereblood                Tmut           45%        N/A       1%          2
 Call Canine Familiar     Summ           45%        N/A       1%          3
 Confusing Touch          Hex            45%        N/A       1%          3
 Conjure Flame            Conj/Fire      45%        6-21      1%          3
 Dazzling Flash           Conj/Hex       90%        N/A       1%          3
 Ignite Poison            Fire/Tmut/Pois 45%        N/A       1%          3
 Inner Flame              Hex/Fire       45%        N/A       1%          3
 Lesser Beckoning         Tloc           45%        N/A       1%          3
 Portal Projectile        Hex/Tloc       90%        N/A       1%          3
 Spider Form              Tmut/Pois      45%        N/A       1%          3
 Stone Arrow              Conj/Erth      90%        3d12      1%          3
 Tukima's Dance           Hex            45%        N/A       1%          3
 Animate Armour           Summ/Erth      90%        N/A       1%          4
 Animate Dead             Necr           22%        N/A       1%          4
 Cause Fear               Hex            22%        N/A       1%          4
 Dispel Undead            Necr           45%        3d17      1%          4
 Flame Wave               Conj/Fire      45%        2d8       1%          4
 Ice Form                 Ice/Tmut       45%        N/A       1%          4
 Iskenderun's Mystic Bla  Conj/Tloc      45%        2d10      1%          4
 Leda's Liquefaction      Hex/Erth       22%        N/A       1%          4
 Passage of Golubria      Tloc           45%        N/A       1%          4
 Petrify                  Tmut/Erth      45%        N/A       1%          4
 Sticky Flame             Conj/Fire      45%        2d6       1%          4
 Summon Ice Beast         Ice/Summ       45%        N/A       1%          4
 Summon Lightning Spire   Summ/Air       45%        N/A       1%          4
 Agony                    Necr           45%        N/A       1%          5
 Alistair's Intoxication  Tmut/Pois      30%        N/A       1%          5
 Blade Hands              Tmut           22%        N/A       1%          5
 Iskenderun's Battlesphe  Conj           45%        2d10      1%          5
 Lightning Bolt           Conj/Air       22%        1d38      1%          5
 Silence                  Hex/Air        22%        N/A       1%          5
 Summon Forest            Summ/Tloc      22%        N/A       1%          5
 Yara's Violent Unravell  Hex/Tmut       22%        3d10      1%          5
 Death Channel            Necr           22%        N/A       5%          6
 Eringya's Noxious Bog    Tmut/Pois      22%        N/A       5%          6
 Iron Shot                Conj/Erth      22%        9d5       5%          6
 Simulacrum               Ice/Necr       22%        N/A       5%          6
 Starburst                Conj/Fire      22%        6d8       5%          6
 Dragon Form              Tmut           22%        N/A       30%         7
 Haunt                    Necr/Summ      22%        N/A       30%         7
 Malign Gateway           Summ/Tloc      22%        N/A       30%         7
 Monstrous Menagerie      Summ           22%        N/A       30%         7
 Ozocubu's Refrigeration  Ice            22%        4d9       30%         7
 Spellforged Servitor     Conj/Summ      22%        N/A       30%         7
 Summon Hydra             Summ           22%        N/A       30%         7
 Discord                  Hex            22%        N/A       94%         8
 Infestation              Necr           22%        N/A       94%         8
 Summon Horrible Things   Summ           22%        N/A       94%         8
 Shatter                  Erth           22%        3d20*     100%        9


Dungeon Overview and Level Annotations

Branches:
Dungeon (15/15)            Temple (0/1) D:6            Lair (6/6) D:11
  Swamp (4/4) Lair:4        Snake (4/4) Lair:2          Orc (2/2) D:12
    Elf (3/3) Orc:2        Vaults (5/5) D:13          Crypt (0/3) Vaults:2
 Depths (2/4) D:15          Sewer (visited)
  Slime: Lair:5-6

Altars:
Elyvilon
Hepliaklqana
Kikubaaqudgha
Makhleb
Nemelex Xobeh
Qazlal
Ru
Vehumet
Wu Jian
Xom
Yredelemnul
Zin

Shops:
D:3 [(   Orc:2 [*=*   Elf:2 :   Snake:1 [*(   Snake:3 *   Vaults:2 !***!
Vaults:3 :   Vaults:4 :   Vaults:5 *([[

Portals:
Hell: Lair:6 Depths:1
Abyss: Lair:5
Pandemonium: Orc:2
Ziggurat: Depths:1
Trove: Elf:1 (give 3 potions of resistance)

Annotations:
D:3 3 runed translucent doors, CowFu's ghost, amateur DgFi
D:4 Menkaure
D:9 6 transporters
D:11 1 runed translucent door
Lair:5 2 transporters, exclusion: 2 oklob plants, Sorchofoz's ghost, journeyman OpBe
Swamp:3 exclusion: 2 oklob plants
Elf:2 3 runed translucent doors
Vaults:1 Asterion; Rupert


Innate Abilities, Weirdness & Mutations

You have very sharp teeth.
Your uncanny sense of smell can sniff out nearby items.
Your experience applies equally to all skills.
You are partially covered in iridescent scales. (AC +2)
You are clumsy. (Dex -2)
You are dopey. (Int -2)
Your magical capacity is low. (-10% MP)
You are weak. (Str -2)


Message History

Something bites you but does no damage.
The frost giant hits you with a +0 battleaxe of freezing!
* * * LOW HITPOINT WARNING * * *
The phantasmal warrior gestures at you.
The phantasmal warrior blinks!
Something hits you!
* * * LOW HITPOINT WARNING * * *
Something bites you but does no damage.
You can move again.
Okay, then.
Okay, then.
Okay, then.
Okay, then.
Casting: Irradiate (mildly dangerous; 1% risk of failure)
Confirm with . or Enter, or press ? or * to list all spells.
Okay, then.
Okay, then.
Okay, then.
The tremorstone explodes into fragments!
The burst of rock shards engulfs the phantasmal warrior!
The burst of rock shards engulfs the frost giant but does no damage.
The burst of rock shards engulfs the phantasmal warrior.
The burst of rock shards engulfs the frost giant!
The burst of rock shards engulfs you but does no damage.
The burst of rock shards engulfs the phantasmal warrior.
The burst of rock shards engulfs the frost giant!
The burst of rock shards engulfs the phantasmal warrior.
The burst of rock shards engulfs the frost giant!
The burst of rock shards engulfs you but does no damage.
The burst of rock shards engulfs the phantasmal warrior.
The burst of rock shards engulfs the frost giant but does no damage.
The burst of rock shards engulfs you but does no damage.
You hear a horrible gurgling sound!
You hear a shout!
You hear a deafening roar!
You hear a horrible gurgling sound!
You hear an angry buzzing noise.
You hear a deafening roar!
The phantasmal warrior is no longer moving slowly.
The frost giant gestures at you while chanting.
The bolt of cold misses you.
The bolt of cold hits something!
Something draws life force from you!!
You die...
Your body glows with a rainbow of weird colours and disappears.

##..≈§≈...
#..≈§≈....
####.........
##............
#####.............
#..........###....
#§#######..# ###.#
#{# #### ### #@#
#C# #W# #(# #.#
#(# .(. (..


You could see a frost giant and a phantasmal warrior.

Vanquished Creatures
  An ancient lich (Vaults:4)
  2 dread liches (Vaults:5)
  the Lernaean hydra (Swamp:4)
  Margery (Vaults:2)
  A profane servitor (Abyss:3)
  Nikola (Swamp:2)
  2 golden dragons (Vaults:5)
  A bone dragon (Abyss:3)
  Jorgrun (Snake:1)
  5 tentacled monstrosities
  2 deep elf blademasters (Elf:3)
  3 liches
  An Executioner (Abyss:3)
  A deep elf master archer (Elf:3)
  A titan (Vaults:5)
  A tentacled starspawn (Abyss:3)
  2 quicksilver dragons
  6 sphinxes
  3 shadow dragons
  3 storm dragons (Vaults:5)
  4 thorn hunters (Swamp:3)
  5 tengu reavers
  A rockslime (shapeshifter) (Vaults:5)
  3 nagarajas (Snake:4)
  9 deep elf sorcerers
  4 fire giants
  4 frost giants
  15 vault wardens
  4 deep elf elementalists (Elf:3)
  An iron dragon (Vaults:5)
  An orc warlord (Vaults:2)
  An emperor scorpion (Vaults:5)
  A ghoul (Vaults:2)
  Louise (Snake:1)
  15 very ugly things
  2 ironbound thunderhulks (Vaults:2)
  19 ironbound preservers
  A war gargoyle (Vaults:3)
  8 eleionomae
  3 deep elf demonologists
  10 stone giants
  9 deep elf annihilators
  3 entropy weavers
  21 dire elephants
  5 bunyips
  A spark wasp (shapeshifter) (Vaults:3)
  A spark wasp (Elf:2)
  4 deep elf death magi
  3 ettins
  3 crystal guardians
  Josephine (Swamp:1)
  4 shambling mangroves (Swamp:3)
  11 yaktaur captains
  9 deep elf high priests
  3 rakshasas (Depths:1)
  A fire dragon (D:11)
  The ghost of enile the Protected, a journeyman FoAM of the Shining One (D:9)
  6 boulder beetles
  6 ironbound frosthearts
  2 peacekeepers
  4 great orbs of eyes
  40 vault guards
  8 naga warriors
  A hell beast (Depths:1)
  34 hydras
  An alligator snapping turtle (Vaults:5)
  A death knight (Vaults:2)
  A demonspawn (Orc:2)
  A juggernaut simulacrum (Depths:1)
  4 salamander tyrants
  3 catoblepae
  5 ogre magi
  An ice dragon (Depths:1)
  Erica (D:11)
  6 centaur warriors
  6 alligators
  5 anacondas
  8 dancing weapons
  6 death yaks
  2 tengu warriors
  A vampire mage (Depths:2)
  13 two-headed ogres
  3 deep troll earth magi
  2 deep troll shamans (Depths:1)
  11 naga sharpshooters
  8 orc high priests
  Urug (D:13)
  2 thrashing horrors (Abyss:3)
  2 wretched stars (Abyss:3)
  12 deep elf knights
  A storm dragon zombie (Vaults:1)
  4 hell knights
  6 shock serpents
  A spriggan berserker (Swamp:2)
  4 spriggans
  4 salamander mystics
  A sun demon (Lair:6)
  2 iron trolls (Vaults:5)
  5 sea snakes
  5 spriggan druids
  7 goliath frogs
  A death drake (Swamp:1)
  39 deep trolls
  A glowing orange brain (Abyss:3)
  6 naga ritualists
  A sphinx zombie (Vaults:4)
  A tengu zombie (Vaults:3)
  Pikel (D:4)
  3 bog bodies
  9 starcursed masses (Abyss:3)
  6 wizards
  12 deep elf archers
  17 ironbound convokers
  11 orc knights
  9 phantasmal warriors
  A harpy (shapeshifter) (D:13)
  12 swamp dragons
  9 necromancers
  3 manticores
  27 ugly things
  A manticore (shapeshifter) (Vaults:3)
  21 deep elf pyromancers
  A wolf spider (D:15)
  9 mana vipers
  4 cyclopes
  11 deep elf zephyrmancers
  A tengu skeleton (Vaults:1)
  9 orc sorcerers
  2 will-o-the-wisps
  A fire giant zombie (Depths:1)
  A moth of wrath (shapeshifter) (Vaults:2)
  2 worldbinders (Abyss:3)
  14 salamanders
  A stone giant skeleton (Vaults:4)
  A fire giant skeleton (Depths:1)
  12 elephants
  4 guardian serpents
  23 black mambas
  12 vault sentinels
  17 naga magi
  2 orange demons (Lair:6)
  A storm dragon simulacrum (Vaults:4)
  A torpor snail (Lair:6)
  An unseen horror (D:12)
  4 smoke demons (Abyss:3)
  6 rime drakes
  11 cane toads
  A kobold demonologist (D:13)
  2 hellwings
  5 efreet
  2 komodo dragons (shapeshifter) (Vaults:5)
  5 freezing wraiths
  5 red devils
  3 ice devils (Lair:6)
  10 komodo dragons
  14 yaktaurs
  2 human zombies (Vaults:4)
  4 tengu conjurers
  A jumping spider (Vaults:3)
  A queen bee (shapeshifter) (D:14)
  5 trolls
  A bloated husk (Swamp:4)
  Prince Ribbit (D:4)
  A merfolk (shapeshifter) (D:15)
  8 hornets
  4 polar bears
  A meliai (D:11)
  61 slime creatures
  7 tyrant leeches
  8 blink frogs
  A shadow dragon simulacrum (Depths:1)
  A sphinx simulacrum (Vaults:1)
  5 dream sheep (Lair:6)
  4 raiju
  A flying skull (Abyss:3)
  2 air elementals (Elf:3)
  A deep troll skeleton (Vaults:3)
  10 wraiths
  2 redbacks (Vaults:3)
  A spriggan (shapeshifter) (D:13)
  An ettin skeleton (Vaults:1)
  A shadow (D:9)
  A tarantella (Vaults:4)
  4 ynoxinuls
  Sigmund (D:5)
  A water elemental (Elf:2)
  48 yaks
  A human (shapeshifter) (Lair:6)
  7 basilisks
  A vampire (D:13)
  7 wyverns
  A golden eye (Snake:4)
  2 steam dragons
  2 elf skeletons
  A yaktaur simulacrum (Vaults:1)
  13 vampire mosquitoes
  2 neqoxecs
  3 large abominations (Abyss:3)
  16 swamp worms
  11 water moccasins
  A warg (Orc:2)
  3 hell hounds (Lair:6)
  2 acid dragons
  29 nagas
  A floating eye (Vaults:4)
  Pargi (D:4)
  2 small abominations (Abyss:3)
  An ice beast (D:6)
  15 swamp drakes
  5 black bears
  A necrophage (D:5)
  36 orc warriors
  4 sky beasts
  5 boggarts (Vaults:4)
  9 wolves
  10 ogres
  4 centaurs
  A lemure (D:3)
  13 bullfrogs
  4 kobold brigands
  2 earth elementals
  2 human skeletons
  A gnoll sergeant (D:8)
  2 scorpions
  A wyvern skeleton (D:6)
  16 wights
  2 howler monkeys
  2 electric eels
  A jelly (D:6)
  3 centaur zombies
  3 hounds
  24 orc priests
  A bullfrog skeleton (D:6)
  An iguana (D:6)
  15 orc wizards
  A hound zombie (D:5)
  A howler monkey skeleton (D:5)
  7 adders
  A river rat (D:11)
  A shadow imp (D:7)
  12 white imps (Lair:5)
  2 ufetubi
  A dart slug (D:2)
  92 orcs
  8 endoplasms
  An endoplasm (shapeshifter) (Elf:2)
  2 giant cockroaches
  8 goblins
  7 hobgoblins
  2 jackals (D:2)
  3 quokkas
  5 ball pythons
  4 bats (D:1)
  14 frilled lizards
  18 kobolds
  15 rats
  A bush (Lair:1)
  A butterfly (D:6)
  2 pillars of salt (Elf:2)
  2 starspawn tentacles (Abyss:3)
1558 creatures vanquished.

Vanquished Creatures (collateral kills)
  A golden dragon (Vaults:5)
  The ghost of miscthings the Fighter, an adept OgFE of Ashenzari (Elf:3)
  A lich (Vaults:5)
  A frost giant (Vaults:5)
  A war gargoyle (Vaults:3)
  A deep elf high priest (Vaults:5)
  A naga warrior (Snake:4)
  A yaktaur captain (Vaults:5)
  An anaconda (Snake:3)
  An ironbound frostheart (Vaults:3)
  A dancing weapon (D:13)
  A death yak (Lair:2)
  A shock serpent (Snake:3)
  A phantasmal warrior (Vaults:5)
  A naga mage (Snake:4)
  A cane toad (Lair:6)
  3 yaktaurs (Vaults:5)
  A jumping spider (Vaults:3)
  2 hornets
  3 slime creatures
  A spriggan (Swamp:1)
  A redback (Vaults:3)
  3 nagas (Snake:4)
  A large abomination (Abyss:3)
  2 starcursed masses (Abyss:3)
  A jelly (D:4)
34 creatures vanquished.

Vanquished Creatures (others)
  A dancing weapon (Elf:1)
  A deep elf knight (Elf:3)
  A deep troll (Vaults:2)
  A wizard (D:11)
  A phantasmal warrior (Depths:2)
  A deep elf pyromancer (Elf:3)
  A worldbinder (Abyss:3)
  A hornet (Swamp:2)
  A bloated husk (Swamp:3)
  A polar bear (Lair:2)
  A snapping turtle (D:13)
  A redback (Snake:2)
  A yak (Lair:6)
  An orc warrior (Orc:2)
  A human (D:10)
  A wolf (Lair:2)
  An orc wizard (Vaults:5)
  4 briar patches (Swamp:3)
  3 bushes (Lair:1)
  2 foxfires (Swamp:3)
  111 fungi
  5 pillars of salt (Elf:2)
  150 plants
  2 starspawn tentacles (Abyss:3)
  2 withered plants (Elf:3)
296 creatures vanquished.

Grand Total: 1888 creatures vanquished

Notes
Turn   | Place    | Note
-------+----------+-------------------------------------------
     0 | D:1      | Zonian the Gnoll Brigand began the quest for the Orb.
     0 | D:1      | Reached XP level 1. HP: 20/20 MP: 1/1
   607 | D:1      | Reached XP level 2. HP: 25/26 MP: 2/2
  1226 | D:2      | Found a faded altar of an unknown god.
  1264 | D:2      | Reached XP level 3. HP: 30/31 MP: 3/3
  1565 | D:2      | Reached skill level 1 in Invocations
  1603 | D:2      | Reached skill level 1 in Long Blades
  1603 | D:2      | Reached skill level 1 in Axes
  1603 | D:2      | Reached skill level 1 in Maces & Flails
  1603 | D:2      | Reached skill level 1 in Polearms
  1603 | D:2      | Reached skill level 1 in Staves
  1603 | D:2      | Reached skill level 1 in Slings
  1603 | D:2      | Reached skill level 1 in Bows
  1603 | D:2      | Reached skill level 1 in Crossbows
  1603 | D:2      | Reached skill level 1 in Armour
  1603 | D:2      | Reached skill level 1 in Shields
  1603 | D:2      | Reached skill level 1 in Unarmed Combat
  1603 | D:2      | Reached skill level 1 in Spellcasting
  1603 | D:2      | Reached skill level 1 in Evocations
  2211 | D:3      | Noticed a kobold brigand
  2244 | D:2      | Reached XP level 4. HP: 24/38 MP: 5/5
  2711 | D:3      | Found Athraos's Armour Shop.
  2769 | D:3      | Killed a kobold brigand
  2770 | D:3      | Reached skill level 1 in Conjurations
  2770 | D:3      | Reached skill level 1 in Hexes
  2770 | D:3      | Reached skill level 1 in Summonings
  2770 | D:3      | Reached skill level 1 in Necromancy
  2770 | D:3      | Reached skill level 1 in Translocations
  2770 | D:3      | Reached skill level 1 in Transmutations
  2770 | D:3      | Reached skill level 1 in Fire Magic
  2770 | D:3      | Reached skill level 1 in Ice Magic
  2770 | D:3      | Reached skill level 1 in Air Magic
  2770 | D:3      | Reached skill level 1 in Earth Magic
  2770 | D:3      | Reached skill level 1 in Poison Magic
  2770 | D:3      | Reached XP level 5. HP: 34/43 MP: 5/7
  2802 | D:3      | Found Gamumeec's Weapon Boutique.
  3161 | D:3      | Found a white marble altar of Elyvilon.
  3228 | D:3      | Found a runed translucent gate.
  3228 | D:3      | Found a runed translucent gate.
  3228 | D:3      | Found a runed translucent gate.
  3234 | D:3      | Noticed CowFu's ghost (amateur DgFi)
  3407 | D:3      | Bought a +1 leather armour of poison resistance for 121
                  | gold pieces
  3880 | D:4      | Noticed Pargi
  4037 | D:4      | Found a glowing drain.
  4041 | Sewer    | Entered a sewer
  4442 | D:4      | Killed Pargi
  4443 | D:4      | Reached skill level 5 in Fighting
  4443 | D:4      | Reached skill level 5 in Short Blades
  4443 | D:4      | Reached skill level 5 in Throwing
  4443 | D:4      | Reached XP level 6. HP: 27/51 MP: 8/8
  4772 | D:4      | Noticed Pikel
  4828 | D:3      | Reached skill level 2 in Shields
  4928 | D:4      | Killed Pikel
  4929 | D:4      | Reached XP level 7. HP: 16/56 MP: 9/11
  5502 | D:4      | Noticed Menkaure
  5540 | D:4      | Learned a level 2 spell: Blink
  5661 | D:5      | Entered Level 5 of the Dungeon
  5692 | D:5      | Reached XP level 8. HP: 58/63 MP: 12/12
  5715 | D:5      | Reached skill level 3 in Shields
  6317 | D:5      | Noticed Sigmund
  7999 | D:5      | Noticed Prince Ribbit
  8021 | D:4      | Killed Prince Ribbit
  9155 | D:5      | Reached XP level 9. HP: 42/69 MP: 14/14
  9377 | D:5      | Killed Sigmund
  9707 | D:5      | Found a sparkling altar of Nemelex Xobeh.
  9802 | D:5      | Found a glowing silver altar of Zin.
  9806 | D:5      | Found a basalt altar of Yredelemnul.
  9807 | D:5      | Found a sacrificial altar of Ru.
  9932 | D:5      | Became a worshipper of Nemelex Xobeh the Trickster
  9973 | D:6      | Found a staircase to the Ecumenical Temple.
  9994 | D:6      | Reached skill level 4 in Shields
 10514 | D:6      | Found a shimmering altar of Xom.
 10561 | D:6      | Reached skill level 5 in Dodging
 10718 | D:6      | Found a stormy altar of Qazlal.
 10765 | D:6      | Found an ornate altar of the Wu Jian Council.
 11345 | D:7      | Identified a scroll of acquirement
 11345 | D:7      | Acquired the amulet "Obbunn" {Spirit Str+3 Dex+3}
 11731 | D:8      | Learned a level 3 spell: Frozen Ramparts
 11737 | D:8      | Reached * piety under Nemelex Xobeh
 11752 | D:8      | Received a gift from Nemelex Xobeh
 11984 | D:8      | Noticed a two-headed ogre
 12020 | D:8      | Reached skill level 5 in Invocations
 12457 | D:8      | Noticed a hornet
 12541 | D:8      | Killed a hornet
 12572 | D:8      | Received a gift from Nemelex Xobeh
 12652 | D:8      | Noticed a two-headed ogre
 12658 | D:8      | Killed a two-headed ogre
 12659 | D:8      | Reached skill level 5 in Long Blades
 12659 | D:8      | Reached skill level 5 in Axes
 12659 | D:8      | Reached skill level 5 in Maces & Flails
 12659 | D:8      | Reached skill level 5 in Polearms
 12659 | D:8      | Reached skill level 5 in Staves
 12659 | D:8      | Reached skill level 5 in Slings
 12659 | D:8      | Reached skill level 5 in Bows
 12659 | D:8      | Reached skill level 5 in Crossbows
 12659 | D:8      | Reached skill level 5 in Armour
 12659 | D:8      | Reached skill level 5 in Shields
 12659 | D:8      | Reached skill level 5 in Unarmed Combat
 12659 | D:8      | Reached skill level 5 in Spellcasting
 12659 | D:8      | Reached skill level 5 in Evocations
 12659 | D:8      | Reached XP level 10. HP: 55/77 MP: 9/17
 12664 | D:8      | Killed a two-headed ogre
 13052 | D:9      | Reached ** piety under Nemelex Xobeh
 13056 | D:9      | Noticed a two-headed ogre
 13063 | D:9      | Found a transporter.
 13065 | D:9      | Upgraded the game from 0.28-a0-1152-g9c71ebef14 to
                  | 0.28-a0-1159-g27aa881441
 13070 | D:9      | Found a transporter.
 13160 | D:9      | Killed a two-headed ogre
 13511 | D:9      | Found a runed translucent gate.
 13511 | D:9      | Found a runed translucent gate.
 13512 | D:9      | Found a runed translucent gate.
 14060 | D:9      | Noticed enile's ghost (journeyman FoAM)
 14080 | D:9      | Found a transporter.
 14081 | D:9      | Found a transporter.
 14216 | D:9      | Found a transporter.
 14226 | D:9      | Found a transporter.
 14745 | D:10     | Entered Level 10 of the Dungeon
 14797 | D:10     | Reached skill level 6 in Shields
 15209 | D:10     | Received a gift from Nemelex Xobeh
 15215 | D:10     | Found an ancient bone altar of Kikubaaqudgha.
 15474 | D:10     | Reached *** piety under Nemelex Xobeh
 15821 | D:10     | Reached XP level 11. HP: 76/84 MP: 16/19
 15862 | D:10     | Learned a level 3 spell: Ozocubu's Armour
 16146 | D:10     | Noticed a two-headed ogre
 16152 | D:10     | Killed a two-headed ogre
 16153 | D:10     | Reached skill level 5 in Conjurations
 16153 | D:10     | Reached skill level 5 in Hexes
 16153 | D:10     | Reached skill level 5 in Summonings
 16153 | D:10     | Reached skill level 5 in Necromancy
 16153 | D:10     | Reached skill level 5 in Translocations
 16153 | D:10     | Reached skill level 5 in Transmutations
 16153 | D:10     | Reached skill level 5 in Fire Magic
 16153 | D:10     | Reached skill level 5 in Ice Magic
 16153 | D:10     | Reached skill level 5 in Air Magic
 16153 | D:10     | Reached skill level 5 in Earth Magic
 16153 | D:10     | Reached skill level 5 in Poison Magic
 16216 | D:11     | Noticed Erica
 16218 | D:11     | Killed Erica
 16219 | D:11     | Reached skill level 10 in Stealth
 16289 | D:11     | Reached skill level 7 in Shields
 16654 | D:11     | Noticed a centaur warrior
 16714 | D:11     | Identified the +5 short sword of Corruption {holy, *Noise
                  | Str+5}
 16714 | D:11     | Noticed a centaur warrior
 16714 | D:11     | Noticed a boulder beetle
 16726 | D:11     | Killed a centaur warrior
 16729 | D:11     | Found a runed translucent door.
 16729 | D:11     | Noticed a boulder beetle
 16733 | D:11     | Noticed a boulder beetle
 16739 | D:11     | Found a runed translucent door.
 16739 | D:11     | Noticed a wizard
 16739 | D:11     | Noticed a six-headed hydra
 16755 | D:11     | You fall into a shaft and drop 3 floors!
 16755 | D:14     | Noticed a seven-headed hydra
 16757 | D:14     | Noticed a cyan ugly thing
 16757 | D:14     | Noticed a cyan ugly thing
 16758 | D:14     | Noticed a cyan ugly thing
 16783 | D:14     | Noticed a cyan ugly thing
 16784 | D:14     | Noticed a cyan ugly thing
 16786 | D:14     | Noticed a cyan ugly thing
 17201 | D:13     | Noticed a +7 long sword
 17219 | D:13     | Received a gift from Nemelex Xobeh
 17221 | D:13     | Found a gate to the Vaults.
 17221 | D:13     | Noticed a +5 long sword
 17223 | D:13     | Killed a +7 long sword
 17236 | D:13     | Killed a +5 long sword
 17271 | D:13     | Noticed a tengu warrior
 17278 | D:13     | Killed a tengu warrior
 17438 | D:13     | Noticed Sonja
 17442 | D:13     | Noticed Sonja
 17442 | D:13     | Sonja changed into Sonja the black bear
 17445 | D:13     | Killed Sonja the black bear
 17446 | D:13     | Reached skill level 8 in Shields
 17466 | D:13     | Reached XP level 12. HP: 22/94 MP: 8/22
 19200 | D:11     | Received a gift from Nemelex Xobeh
 19209 | D:11     | Found a staircase to the Lair.
 19210 | D:11     | Reached **** piety under Nemelex Xobeh
 19536 | Lair:1   | Entered Level 1 of the Lair of Beasts
 19951 | Lair:1   | Reached skill level 9 in Shields
 19973 | Lair:1   | Noticed an eight-headed hydra
 20219 | Lair:1   | Noticed a seven-headed hydra
 20237 | Lair:1   | Killed a seven-headed hydra
 20246 | Lair:1   | Noticed an eight-headed hydra
 20271 | Lair:1   | Killed a four-headed hydra
 20664 | Lair:1   | Noticed an eight-headed hydra
 20672 | Lair:1   | Killed a four-headed hydra
 20677 | Lair:1   | Killed a six-headed hydra
 21200 | Lair:1   | Acquired a +3 demon blade of venom
 21786 | Lair:2   | Noticed a four-headed hydra
 21792 | Lair:2   | Reached XP level 13. HP: 87/101 MP: 21/24
 21941 | Lair:2   | Received a gift from Nemelex Xobeh
 22287 | Lair:2   | Reached skill level 10 in Shields
 22850 | Lair:2   | Found a staircase to the Snake Pit.
 24066 | Lair:2   | Received a gift from Nemelex Xobeh
 24066 | Lair:2   | Found a radiant altar of Vehumet.
 24693 | Lair:3   | Reached ***** piety under Nemelex Xobeh
 24693 | Lair:3   | Received a gift from Nemelex Xobeh
 25042 | Lair:4   | Found a staircase to the Swamp.
 26210 | Lair:4   | Reached skill level 11 in Shields
 26376 | Lair:4   | Received a gift from Nemelex Xobeh
 27303 | Lair:5   | Reached skill level 10 in Fighting
 27303 | Lair:5   | Reached skill level 10 in Short Blades
 27303 | Lair:5   | Reached skill level 10 in Throwing
 27303 | Lair:5   | Reached XP level 14. HP: 74/110 MP: 13/26
 27397 | Lair:5   | Found a one-way gate to the infinite horrors of the Abyss.
 27397 | Lair:5   | Found a transporter.
 27397 | Lair:5   | Noticed Sorchofoz's ghost (journeyman OpBe)
 27498 | Lair:5   | Found a transporter.
 27856 | Lair:5   | Received a gift from Nemelex Xobeh
 28556 | Lair:5   | Received a gift from Nemelex Xobeh
 28802 | Lair:6   | Entered Level 6 of the Lair of Beasts
 28888 | Lair:6   | Learned a level 4 spell: Olgreb's Toxic Radiance
 28978 | Lair:6   | Reached skill level 10 in Invocations
 29888 | Lair:6   | Identified the +0 long sword "Mosupuer" {venom, *Rage rCorr
                  | MP+9 Stlth+}
 29914 | Lair:6   | Reached skill level 12 in Shields
 29930 | Lair:6   | Noticed an entropy weaver
 29930 | Lair:6   | a six-headed hydra changed into an entropy weaver
 29945 | Lair:6   | Killed an entropy weaver
 30650 | Lair:6   | Received a gift from Nemelex Xobeh
 31051 | Lair:6   | Reached skill level 10 in Dodging
 32087 | Lair:6   | Reached XP level 15. HP: 76/117 MP: 19/28
 32533 | Lair:6   | Found a burning altar of Makhleb.
 32568 | Lair:6   | Found a gateway to Hell.
 33607 | D:11     | Got the Almanac of Earthen Air
 34404 | D:11     | Received a gift from Nemelex Xobeh
 34707 | D:11     | Reached skill level 10 in Long Blades
 34707 | D:11     | Reached skill level 10 in Axes
 34707 | D:11     | Reached skill level 10 in Maces & Flails
 34707 | D:11     | Reached skill level 10 in Polearms
 34707 | D:11     | Reached skill level 10 in Staves
 34707 | D:11     | Reached skill level 10 in Slings
 34707 | D:11     | Reached skill level 10 in Bows
 34707 | D:11     | Reached skill level 10 in Crossbows
 34707 | D:11     | Reached skill level 10 in Armour
 34707 | D:11     | Reached skill level 10 in Unarmed Combat
 34707 | D:11     | Reached skill level 10 in Spellcasting
 34707 | D:11     | Reached skill level 10 in Evocations
 35509 | D:12     | Found a staircase to the Orcish Mines.
 36159 | D:13     | Reached skill level 13 in Shields
 36570 | D:13     | Received a gift from Nemelex Xobeh
 36628 | D:13     | Received a gift from Nemelex Xobeh
 36793 | D:13     | Noticed Urug
 36805 | D:13     | Killed Urug
 38907 | D:15     | Entered Level 15 of the Dungeon
 38908 | D:15     | Received a gift from Nemelex Xobeh
 40557 | D:15     | Found a staircase to the Depths.
 41218 | Orc:1    | Entered Level 1 of the Orcish Mines
 41218 | Orc:1    | Received a gift from Nemelex Xobeh
 41276 | Orc:1    | Paralysed by an orc sorcerer for 2 turns
 41625 | Orc:2    | Entered Level 2 of the Orcish Mines
 41950 | Orc:2    | Found a staircase to the Elven Halls.
 41968 | Orc:2    | Reached XP level 16. HP: 53/126 MP: 11/30
 42219 | Orc:2    | Received a gift from Nemelex Xobeh
 43123 | Orc:2    | Found Nealome's General Store.
 43125 | Orc:2    | Found Uraesezi's General Store.
 43329 | Orc:2    | Bought a potion of curing for 33 gold pieces
 43329 | Orc:2    | Bought a potion of haste for 110 gold pieces
 43528 | Orc:2    | Gained mutation: You are dopey. (Int -2) [a neqoxec]
 43730 | Orc:2    | Gained mutation: Your magical capacity is low. (-10% MP) [a
                  | neqoxec]
 43742 | Orc:2    | Paralysed by an orc sorcerer for 4 turns
 43744 | Orc:2    | Reached skill level 14 in Shields
 44108 | Orc:2    | Received a gift from Nemelex Xobeh
 44506 | Orc:2    | Found Buva's Antique Armour Shoppe.
 44506 | Orc:2    | Found Afe Huty's Jewellery Emporium.
 44507 | Orc:2    | Found a one-way gate leading to the halls of Pandemonium.
 44522 | Orc:2    | Bought a pair of embroidered boots for 210 gold pieces
 44524 | Orc:2    | Bought the ring "Reuckomuoj" {Int+6 Dex+6} for 937 gold
                  | pieces
 44524 | Orc:2    | Bought the ring of Autumn {rElec rPois rF- SInv} for 314
                  | gold pieces
 44535 | Orc:2    | Bought a pair of runed boots for 210 gold pieces
 45150 | Orc:1    | Learned a level 3 spell: Mephitic Cloud
 45156 | Orc:1    | Learned a level 5 spell: Metabolic Englaciation
 45162 | Orc:1    | Learned a level 5 spell: Manifold Assault
 45387 | Orc:1    | Received a gift from Nemelex Xobeh
 45630 | Snake:1  | Entered Level 1 of the Snake Pit
 45630 | Snake:1  | Reached ****** piety under Nemelex Xobeh
 45930 | Snake:1  | Received a gift from Nemelex Xobeh
 45978 | Snake:1  | Noticed Louise
 46016 | Snake:1  | Killed Louise
 46029 | Snake:1  | Found Cimapp's Antique Armour Shop.
 46031 | Snake:1  | Found Fois Qia's General Store.
 46033 | Snake:1  | Found Gifozuug's Weapon Shop.
 46041 | Snake:1  | Bought a potion of curing for 54 gold pieces
 46045 | Snake:1  | Bought a scroll of enchant armour for 135 gold pieces
 46093 | Snake:1  | Found a shimmering altar of Xom.
 46356 | Snake:1  | Received a gift from Nemelex Xobeh
 47108 | Snake:1  | Noticed Jorgrun
 47112 | Snake:1  | Killed Jorgrun
 48577 | Snake:2  | Found a runed translucent door.
 48604 | Snake:2  | Learned a level 5 spell: Summon Mana Viper
 48620 | Snake:2  | Received a gift from Nemelex Xobeh
 50114 | Snake:3  | Found Zoiggoh's General Store.
 50170 | Snake:3  | Received a gift from Nemelex Xobeh
 50599 | Snake:3  | Acquired Lee's Incunabulum of Stones
 50629 | Snake:3  | HP: 5/127 [naga sharpshooter/bolt (22)]
 51266 | Snake:3  | Received a gift from Nemelex Xobeh
 51277 | Snake:3  | Learned a level 5 spell: Borgnjor's Vile Clutch
 51301 | Snake:3  | Reached XP level 17. HP: 98/133 MP: 24/29
 51301 | Snake:3  | Upgraded the game from 0.28-a0-1159-g27aa881441 to
                  | 0.28-a0-1182-g381e24db82
 51456 | Snake:3  | Acquired a book of Death
 51721 | Snake:3  | Found a hazy altar of Hepliaklqana.
 51725 | Snake:3  | Received a gift from Nemelex Xobeh
 51999 | Snake:4  | Entered Level 4 of the Snake Pit
 53470 | Snake:4  | Reached skill level 15 in Shields
 54242 | Snake:4  | Received a gift from Nemelex Xobeh
 56724 | Snake:4  | Identified the +1 robe of Jaynker {rPois}
 58273 | Snake:4  | Reached skill level 10 in Conjurations
 58273 | Snake:4  | Reached skill level 10 in Hexes
 58273 | Snake:4  | Reached skill level 10 in Summonings
 58273 | Snake:4  | Reached skill level 10 in Necromancy
 58273 | Snake:4  | Reached skill level 10 in Translocations
 58273 | Snake:4  | Reached skill level 10 in Transmutations
 58273 | Snake:4  | Reached skill level 10 in Fire Magic
 58273 | Snake:4  | Reached skill level 10 in Ice Magic
 58273 | Snake:4  | Reached skill level 10 in Air Magic
 58273 | Snake:4  | Reached skill level 10 in Earth Magic
 58273 | Snake:4  | Reached skill level 10 in Poison Magic
 58648 | Snake:4  | Got a serpentine rune of Zot
 59566 | Snake:4  | Upgraded the game from 0.28-a0-1182-g381e24db82 to
                  | 0.28-a0-1184-g53156a8862
 59739 | Swamp:1  | Entered Level 1 of the Swamp
 60563 | Swamp:1  | Noticed Josephine
 60608 | Swamp:1  | Killed Josephine
 60795 | Swamp:1  | Noticed a tentacled monstrosity
 60839 | Swamp:1  | Killed a tentacled monstrosity
 61301 | Swamp:2  | Received a gift from Nemelex Xobeh
 61326 | Swamp:2  | Got the Disquisition on Battle Magic
 61330 | Swamp:2  | Learned a level 2 spell: Poisonous Vapours
 61366 | Swamp:1  | Learned a level 4 spell: Airstrike
 61738 | Swamp:2  | Reached XP level 18. HP: 129/142 MP: 26/30
 61770 | Swamp:2  | Noticed Nikola
 61806 | Swamp:2  | Killed Nikola
 61817 | Swamp:2  | Identified the +1 ring mail of Claustrophobia {Harm Fly
                  | rElec Stlth+}
 62197 | Swamp:2  | Reached skill level 16 in Shields
 63272 | Swamp:3  | Noticed a tentacled monstrosity
 63522 | Swamp:2  | Killed a tentacled monstrosity
 64777 | Swamp:3  | Received a gift from Nemelex Xobeh
 67471 | Swamp:4  | Entered Level 4 of the Swamp
 67559 | Swamp:4  | Received a gift from Nemelex Xobeh
 69272 | Swamp:4  | Noticed the 27-headed Lernaean hydra
 69673 | Swamp:4  | Killed the 24-headed Lernaean hydra
 70014 | Swamp:4  | Got a decaying rune of Zot
 70624 | Vaults:1 | Entered Level 1 of the Vaults
 71256 | Vaults:1 | Reached XP level 19. HP: 147/150 MP: 29/32
 71481 | Vaults:1 | Received a gift from Nemelex Xobeh
 72074 | Vaults:1 | Reached skill level 17 in Shields
 73179 | Vaults:1 | Reached skill level 15 in Stealth
 73767 | Vaults:1 | Received a gift from Nemelex Xobeh
 73784 | Vaults:1 | Identified the +1 ring mail of Noxious Awe {rC++ Str+3}
 75216 | Vaults:1 | Noticed Asterion
 75217 | Vaults:1 | Noticed Rupert
 75242 | Vaults:2 | Found Ujimeu's Assorted Antiques.
 75248 | Vaults:2 | Bought a scroll of teleportation for 93 gold pieces
 75248 | Vaults:2 | Bought a scroll of fog for 62 gold pieces
 75251 | Vaults:2 | Found Vyuzepn's Assorted Antiques.
 75254 | Vaults:2 | Bought a scroll labelled UREVEO TAOSHROT for 32 gold pieces
 75254 | Vaults:2 | Bought a brown potion for 28 gold pieces
 75338 | Vaults:2 | Found Furiy's Distillery.
 75346 | Vaults:2 | Bought a potion of heal wounds for 90 gold pieces
 75346 | Vaults:2 | Bought 2 potions of curing for 108 gold pieces
 75513 | Vaults:2 | Found Loicom's Assorted Antiques.
 75521 | Vaults:2 | Bought a glowing granite ring for 105 gold pieces
 75521 | Vaults:2 | Bought a wand of acid (5) for 168 gold pieces
 77454 | Vaults:2 | Found Situf's Distillery.
 77462 | Vaults:2 | Bought a potion of heal wounds for 95 gold pieces
 77643 | Vaults:2 | Received a gift from Nemelex Xobeh
 77696 | Vaults:2 | Noticed Margery
 77918 | Vaults:2 | Noticed a Hell Sentinel
 78495 | Vaults:2 | Reached XP level 20. HP: 159/159 MP: 33/33
 78970 | Vaults:2 | Reached skill level 18 in Shields
 79539 | Vaults:2 | Upgraded the game from 0.28-a0-1184-g53156a8862 to
                  | 0.28-a0-1190-g77e1c55843
 79592 | Vaults:2 | Found a staircase to the Crypt.
 80589 | Vaults:2 | Killed Margery
 81684 | Vaults:3 | Received a gift from Nemelex Xobeh
 83219 | Vaults:3 | Reached skill level 15 in Invocations
 83331 | Vaults:3 | Received a gift from Nemelex Xobeh
 84434 | Vaults:3 | Found Gezxoeh's Book Emporium.
 84571 | Vaults:3 | Learned a level 6 spell: Statue Form
 84637 | Vaults:3 | Got Citiv's Spellweaving Continued
 85756 | Vaults:4 | Received a gift from Nemelex Xobeh
 85889 | Vaults:4 | Found the +7 sceptre of Torment {pain, torment}
 86256 | Vaults:4 | Received a gift from Nemelex Xobeh
 86266 | Vaults:4 | Found Long's Book Boutique.
 86798 | Vaults:4 | Reached XP level 21. HP: 167/167 MP: 35/35
 86893 | Vaults:4 | Received a gift from Nemelex Xobeh
 87901 | Elf:1    | Entered Level 1 of the Elven Halls
 88486 | Elf:1    | Reached skill level 19 in Shields
 88776 | Elf:1    | Got Itwab's Compendium of Confrontation
 88831 | Elf:1    | Received a gift from Nemelex Xobeh
 88838 | Elf:1    | Found a portal to a secret trove of treasure.
 89436 | Elf:2    | Reached skill level 15 in Fighting
 89436 | Elf:2    | Reached skill level 15 in Short Blades
 89436 | Elf:2    | Reached skill level 15 in Throwing
 89693 | Elf:2    | Found Henamp's Book Emporium.
 89703 | Elf:2    | Received a gift from Nemelex Xobeh
 90125 | Elf:2    | Found a runed translucent gate.
 90125 | Elf:2    | Found a runed translucent gate.
 90135 | Elf:2    | Found a runed translucent gate.
 90170 | Elf:2    | Noticed Saint Roka
 90182 | Elf:2    | Noticed Saint Roka
 90182 | Elf:2    | Saint Roka changed into Saint Roka the iron dragon
 90185 | Elf:2    | Noticed Saint Roka
 90185 | Elf:2    | Saint Roka the iron dragon changed into Saint Roka the
                  | spark wasp
 90189 | Elf:2    | Killed Saint Roka the spark wasp
 90887 | Elf:3    | Entered Level 3 of the Elven Halls
 90922 | Elf:3    | Received a gift from Nemelex Xobeh
 91708 | Elf:3    | Found a runed translucent door.
 91712 | Elf:3    | Noticed miscthings's ghost (adept OgFE)
 91745 | Elf:3    | Killed miscthings's ghost
 91747 | Elf:3    | Identified the ring "Eruhoa" {rN+ Int+2}
 92330 | Snake:1  | Bought the +12 hand crossbow "Moriubb" {flame, Int+4} for
                  | 1225 gold pieces
 93153 | D:9      | Killed enile's ghost
 93728 | Elf:3    | Received a gift from Nemelex Xobeh
 94702 | Elf:3    | Cast into level 3 of the Abyss (a deep elf sorcerer)
 94779 | Abyss:3  | Noticed a profane servitor
 94795 | Abyss:3  | Killed a profane servitor
 95078 | Abyss:3  | Gained mutation: You are partially covered in iridescent
                  | scales. (AC +2) [a neqoxec]
 95093 | Abyss:3  | Gained mutation: You are clumsy. (Dex -2) [a neqoxec]
 95100 | Abyss:3  | Paralysed by accursed screaming for 1 turns
 95102 | Abyss:3  | Gained mutation: You are weak. (Str -2) [a neqoxec]
 95111 | Abyss:3  | Noticed a bone dragon
 95150 | Abyss:3  | Killed a bone dragon
 95207 | Elf:3    | Escaped the Abyss
 95449 | Elf:3    | Identified the ring of Umecuis {rPois rF+ EV+4 Dex+5}
 95456 | Elf:3    | Reached skill level 15 in Dodging
 95659 | Elf:3    | Reached XP level 22. HP: 159/176 MP: 31/36
 96851 | Elf:3    | Received a gift from Nemelex Xobeh
 96853 | Elf:3    | Identified the +8 hunting sling of the Stork {freeze, rC++
                  | rN+ Int+7}
 97327 | Elf:3    | Cast into level 3 of the Abyss (a deep elf sorcerer)
 97339 | Elf:3    | Escaped the Abyss
 97815 | Elf:3    | Identified the amulet "Pijo" {Spirit Regen+}
 97938 | Elf:3    | Identified the +13 chain mail "Alaxkoss" {Int-4 Dex+3}
 98361 | Vaults:4 | Learned a level 5 spell: Irradiate
 98483 | Vaults:5 | Entered Level 5 of the Vaults
 98505 | Vaults:4 | Reached skill level 15 in Armour
 98505 | Vaults:4 | Reached skill level 15 in Unarmed Combat
 98519 | Vaults:5 | Reached skill level 15 in Long Blades
 98519 | Vaults:5 | Reached skill level 15 in Axes
 98519 | Vaults:5 | Reached skill level 15 in Maces & Flails
 98519 | Vaults:5 | Reached skill level 15 in Polearms
 98519 | Vaults:5 | Reached skill level 15 in Staves
 98519 | Vaults:5 | Reached skill level 15 in Slings
 98519 | Vaults:5 | Reached skill level 15 in Bows
 98519 | Vaults:5 | Reached skill level 15 in Crossbows
 98519 | Vaults:5 | Reached skill level 20 in Shields
 98519 | Vaults:5 | Reached skill level 15 in Spellcasting
 98519 | Vaults:5 | Reached skill level 15 in Evocations
 99727 | Vaults:5 | Noticed an ancient lich
100618 | Vaults:4 | Killed an ancient lich
101514 | Vaults:5 | Noticed a golden dragon
101527 | Vaults:5 | Killed a golden dragon
101932 | Vaults:5 | Identified the +0 crystal plate armour "Jijazeiz" {Will+
                  | Int+2}
102191 | Vaults:5 | Noticed a dread lich
102203 | Vaults:5 | Killed a dread lich
102344 | Vaults:5 | Identified the ring "Rofin" {Dex+6 Slay+3}
102393 | Vaults:5 | Reached XP level 23. HP: 94/184 MP: 19/38
103055 | Vaults:5 | Noticed a golden dragon
103090 | Vaults:5 | Noticed a golden dragon
103101 | Vaults:5 | Killed a golden dragon
103256 | Vaults:5 | Killed a golden dragon
103500 | Vaults:5 | Noticed a dread lich
103508 | Vaults:5 | Killed a dread lich
104000 | Vaults:5 | Found Hobrer Zeef's Antique Armour Boutique.
104004 | Vaults:5 | Found Noighuak's Antique Weapon Boutique.
104006 | Vaults:5 | Received a gift from Nemelex Xobeh
104017 | Vaults:5 | Reached skill level 21 in Shields
104031 | Vaults:5 | Found Raplim's Antique Armour Emporium.
104037 | Vaults:5 | Bought a pair of embroidered boots for 292 gold pieces
104069 | Vaults:5 | Got a silver rune of Zot
104075 | Vaults:5 | Found Kamep's General Store.
104080 | Vaults:5 | Bought a scroll of enchant weapon for 82 gold pieces
104162 | Vaults:5 | Noticed a juggernaut
104163 | Vaults:5 | a juggernaut changed into a titan
104176 | Vaults:5 | Noticed a juggernaut
104176 | Vaults:5 | a rockslime changed into a juggernaut
104183 | Vaults:5 | Noticed a shard shrike
104183 | Vaults:5 | a juggernaut changed into a shard shrike
104185 | Vaults:5 | a shard shrike changed into a rockslime
104550 | Vaults:5 | Identified the +3 ring mail "Reir" {rElec Str-3 Dex+2
                  | Slay+2}
104699 | Vaults:5 | Received a gift from Nemelex Xobeh
104765 | Vaults:5 | Identified the +8 battleaxe of False Accusations {flame,
                  | MP+9}
105036 | Vaults:5 | Received a gift from Nemelex Xobeh
105337 | Vaults:5 | Bought a spiked ring mail for 270 gold pieces
105337 | Vaults:5 | Identified the +4 ring mail of Laggouba {*Corrode rPois
                  | Str+6} (You bought it in a shop on level 5 of the Vaults)
105346 | Vaults:5 | Bought an ominously black robe for 222 gold pieces
105346 | Vaults:5 | Identified the +0 robe of the Pit {Dex+2} (You bought it in
                  | a shop on level 5 of the Vaults)
105551 | Depths:1 | Entered Level 1 of the Depths
105611 | Depths:1 | Got Sif Muna's Reference Book on Earth
106145 | Depths:1 | Received a gift from Nemelex Xobeh
106250 | Depths:1 | Found a one-way gateway to a ziggurat.
106517 | Depths:1 | Received a gift from Nemelex Xobeh
106947 | Depths:1 | Found a sacrificial altar of Ru.
107514 | Depths:2 | Received a gift from Nemelex Xobeh
107801 | Depths:1 | Paralysed by a sphinx for 4 turns
108493 | Depths:2 | Paralysed by something for 7 turns
108501 | Depths:2 | Killed from afar by a vampire knight

Illustrated notes

Levels and vault maps discovered:
D:1:      saegor_arrival_simple_a, layout_basic
D:2:      layout_basic, ebering_ecumenical_altar_hall
D:3:      cheibrodos_thug_alley, layout_loops_ring, elyvilon_altar_5,
          gammafunk_ghost_necromancy, serial_shops, shop_fountains,
          shop_fountains
D:4:      layout_loops_ring, gup_sewer_entry_bowl, uniq_menkaure, uniq_pargi,
          uniq_pikel
D:5:      layout_rooms, mainiacjoe_overflow_alcove_2, minitemple,
          minmay_misc_feat_four_crosses, kennysheep_generic_room_8,
          uniq_sigmund, uniq_prince_ribbit1
D:6:      layout_loops_ring, xom_butterflies, nicolae_overflow_hidden_temple,
          nicolae_wu_jian_immortal_techniques, minmay_temple_entry_large_hall
D:7:      layout_rooms
D:8:      layout_cave_pods, serial_column_ruins, column_ruins_open_medium,
          column_ruins_open_small, column_ruins_grid_1,
          column_ruins_corridor_straight, column_ruins_open_small,
          column_ruins_open_medium, minmay_manual_mess
D:9:      layout_gridville, gammafunk_ghost_spectres, hex_large,
          serial_nicolae_subway, nicolae_sub_station_stone,
          nicolae_sub_station_metal, nicolae_sub_station_crystal
D:10:     layout_long_grid, tgw_kikubaaqudgha
D:11:     minmay_the_grid_triangle_9x9_rhombus_full_mashed
          [minmay_the_grid_triangle_9x9_tough_junction,
          minmay_the_grid_triangle_9x9_warning,
          minmay_the_grid_triangle_9x9_wacky_v,
          minmay_the_grid_triangle_9x9_odd_lines,
          minmay_the_grid_triangle_9x9_sprig,
          minmay_the_grid_triangle_9x9_zippers_horizontal,
          minmay_the_grid_triangle_9x9_checkered,
          minmay_the_grid_triangle_9x9_prize_schism], layout_rooms,
          due_lair_maze_entry_diamond, blue_anna_alchemist, uniq_erica
D:12:     layout_gridville, hiddenorc2_lemuel, serial_rivers,
          chequers_serial_rivers_small_b, chequers_serial_rivers_micro_b,
          chequers_serial_rivers_micro_c, chequers_serial_rivers_micro_d
D:13:     layout_basic, erik_vaults_1, uniq_sonja, uniq_urug
D:14:     layout_long_grid, minmay_strange_pillars
D:15:     hangedman_depths_entry_try_elsewhere_first, layout_small_grid,
          hangedman_decor_lopped, einodemon_armed_red_devil_minivault
Lair:1:   layout_chaotic_city, serial_forest, infiniplex_forest_split,
          infiniplex_forest_straight_3, infiniplex_forest_lined_ring,
          infiniplex_forest_diagonal, infiniplex_forest_straight_3,
          infiniplex_forest_zigzag_1, infiniplex_forest_end_3,
          lemuel_fruit_fields
Lair:2:   layout_concentric_octagons, guppyfry_snake_entry_garden, basic_altar
Lair:3:   layout_chaotic_city, serial_bayou_shore_b
Lair:4:   layout_layer_cave, swamp_mist, chequers_serial_rivers_micro_d,
          minmay_holes, grunt_megastairs_1
Lair:5:   layout_big_grid, minmay_slime_entry_oklob_enclosed,
          portal_ice_cave_entry_imps, gammafunk_ghost_abyssal_escape,
          beast_lair_carwin_7
Lair:6:   evil_forest, layout_regular_city, nicolae_lair_grove_arrangements,
          infiniplex_staircase_pool, serial_bayou_shore_b
Swamp:1:  layout_basic_swamp, evilmike_swamp_ruin_house_2, uniq_josephine
Swamp:2:  layout_falls_marsh, evilmike_swamp_ruin_wall, swamp_pool5,
          infiniplex_staircase_pool_2, uniq_nikola
Swamp:3:  nicolae_swamp_phyte_club, layout_basic_swamp,
          nicolae_swamp_tree_designs, swamp_pool5, nicolae_swamp_some_circles
Swamp:4:  swamp_old_school, layout_basic_swamp
Snake:1:  layout_grid_maze, basic_altar, minmay_shop_star, serial_bayou_shore_a,
          uniq_louise, uniq_jorgrun
Snake:2:  layout_misc_corridors, nicolae_snake_round_shape_thing,
          lightli_airlock
Snake:3:  layout_cave_pods, basic_altar, nicolae_stop_n_shop_2
Snake:4:  snake_pit, layout_gridlike, guppyfry_snake_island
Orc:1:    layout_diamond_mine
Orc:2:    pf_orc_diabolical, layout_diamond_mine
Elf:1:    nicolae_elf_arrival_no_cutting_in_line, layout_geoelf_grid,
          enter_trove_2, minmay_elf_annihilation, lemuel_upstairs_altar
Elf:2:    elven_hall_of_blades_hangedman_original
          [nicolae_blade_entry_pointy_end], layout_gridlike, serial_shops, shop,
          portal_desolation_entry_garden, serial_sigils_hangedman_stare,
          uniq_azrael, uniq_saint_roka
Elf:3:    minmay_elf_hall_curves, layout_loops_corners, gammafunk_ghost_grave,
          nicolae_elf_vaults_five_recruitment_drive
Vaults:1: hangedman_vaults_unwind, v_misc_26, nicolae_vaults_network_barrier,
          nicolae_vaults_network_quinsquares
          [nicolae_vaults_network_quincunx_subvault,
          nicolae_vaults_network_quincunx_subvault,
          nicolae_vaults_network_quincunx_subvault,
          nicolae_vaults_network_quincunx_subvault], nicolae_vaults_arrows,
          ontoclasm_vaults_eye, vaults_dpeg_hooks,
          nicolae_vaults_little_squares_2, vaults_room_stairs_pillars,
          sword_in_stone, ontoclasm_vaults_pinch, layout_vaults_maze_snakey
Vaults:2: nicolae_vaults_little_squares_3, dpeg_vaults_monster_row,
          ontoclasm_vaults_gateway, hangedman_vaults_maws, v_misc_23,
          minmay_crypt_entry_simple_plaza, vaults_dpeg_spiral,
          vaults_mumra_hexcomb, ontoclasm_vaults_shout, vaults_room_pools,
          grunt_vaults_hallway_short, vaults_room_pools, vaults_room_fours,
          nicolae_vaults_little_squares_3, ontoclasm_vaults_shuriken, v_misc_9,
          layout_vaults_omnicross, serial_shops, shop, shop_statue,
          nicolae_shop_behind_doors, nicolae_square_shop, shop, uniq_margery
Vaults:3: nicolae_vaults_quadrants, ontoclasm_vaults_spin, v_alt_pattern_6,
          v_alt_pattern_4, vaults_standard_mumra_lines, vaults_room_door_ring,
          nicolae_vaults_ring_of_whatevers, ontoclasm_vaults_bender,
          hangedman_vaults_cutoff, nicolae_vaults_theta, layout_vaults_omnibox,
          serial_shops, nicolae_lakefront_shop
Vaults:4: v_misc_2, vaults_mumra_chevron, vaults_room_fours,
          vaults_mumra_minichess, nicolae_vaults_gold_heap,
          ontoclasm_vaults_ligature, layout_vaults_omnigrid, serial_shops, shop
Vaults:5: serial_shops
Depths:1: layout_gridlike, enter_ziggurat_a, hell_entry,
          chequers_serial_rivers_small_3, nicolae_ru_great_annihilating_truth,
          uniq_asterion
Depths:2: minmay_box_of_statues, layout_cave_pools, grunt_mini_vestibule,
          rand_demon_pan_entry_7, fountainhead, minmay_staircase_statues,
          serial_bayou_shore_b, serial_bayou_shore_b

Skill      XL: |  1  2  3  4  5  6  7  8  9 10 11 12 13 14 15 16 17 18 19 20 21 22 23 |
---------------+----------------------------------------------------------------------+-----
Invocations    | 1 2 3 4 5 6 7 8 9 10 11 12 13 14 15 16 17 | 17.2
Long Blades    | 1 2 3 5 6 7 8 9 10 11 12 13 14 15 | 15.9
Axes           | 1 2 3 5 6 7 8 9 10 11 12 13 14 15 | 15.9
Maces & Flails | 1 2 3 5 6 7 8 9 10 11 12 13 14 15 | 15.9
Polearms       | 1 2 3 5 6 7 8 9 10 11 12 13 14 15 | 15.9
Staves         | 1 2 3 5 6 7 8 9 10 11 12 13 14 15 | 15.9
Slings         | 1 2 3 5 6 7 8 9 10 11 12 13 14 15 | 15.9
Bows           | 1 2 3 5 6 7 8 9 10 11 12 13 14 15 | 15.9
Crossbows      | 1 2 3 5 6 7 8 9 10 11 12 13 14 15 | 15.9
Armour         | 1 2 3 5 6 7 8 9 10 11 12 13 14 15 16 | 16.9
Shields        | 1 2 3 5 6 8 9 11 12 13 14 15 16 17 18 19 20 21 | 21.2
Unarmed Combat | 1 2 3 5 6 7 8 9 10 11 12 13 14 15 16 | 16.9
Spellcasting   | 1 2 3 5 6 7 8 9 10 11 12 13 14 15 | 15.9
Evocations     | 1 2 3 5 6 7 8 9 10 11 12 13 14 15 | 15.9
Conjurations   | 1 2 3 4 5 6 7 8 9 10 11 12 13 | 13.5
Hexes          | 1 2 3 4 5 6 7 8 9 10 11 12 13 | 13.5
Summonings     | 1 2 3 4 5 6 7 8 9 10 11 12 13 | 13.5
Necromancy     | 1 2 3 4 5 6 7 8 9 10 11 12 13 | 13.5
Translocations | 1 2 3 4 5 6 7 8 9 10 11 12 13 | 13.5
Transmutations | 1 2 3 4 5 6 7 8 9 10 11 12 13 | 13.5
Fire Magic     | 1 2 3 4 5 6 7 8 9 10 11 12 13 | 13.5
Ice Magic      | 1 2 3 4 5 6 7 8 9 10 11 12 13 | 13.5
Air Magic      | 1 2 3 4 5 6 7 8 9 10 11 12 13 | 13.5
Earth Magic    | 1 2 3 4 5 6 7 8 9 10 11 12 13 | 13.5
Poison Magic   | 1 2 3 4 5 6 7 8 9 10 11 12 13 | 13.5
Dodging        | 3 4 5 6 7 8 9 10 11 12 13 14 15 16 | 16.1
Fighting       | 5 6 7 8 9 10 11 12 13 14 15 16 | 16.5
Short Blades   | 5 6 7 8 9 10 11 12 13 14 15 16 | 16.5
Throwing       | 5 6 7 8 9 10 11 12 13 14 15 16 | 16.5
Stealth        | 8 9 10 11 12 13 14 15 16 17 | 17.5

Action                   |  1- 3 |  4- 6 |  7- 9 | 10-12 | 13-15 | 16-18 | 19-21 | 22-24 || total
-------------------------+-------+-------+-------+-------+-------+-------+-------+-------++-------
Melee: Dagger            |    79 |   113 |    39 |       |       |       |       |       ||   231
       Bite              |     4 |    16 |    58 |   125 |   197 |   315 |   448 |   201 ||  1364
       Short sword       |       |    38 |   338 |   241 |    23 |    16 |       |    29 ||   685
       Punch             |       |     1 |     8 |     2 |       |       |       |       ||    11
       Broad axe         |       |       |     9 |    28 |       |       |       |       ||    37
       Falchion          |       |       |       |     4 |       |       |       |       ||     4
       Long sword        |       |       |       |   258 |       |    64 |       |       ||   322
       Scimitar          |       |       |       |    25 |   148 |    75 |     9 |       ||   257
       Demon blade       |       |       |       |    23 |  1057 |  1318 |  1554 |   839 ||  4791
       Eveningstar       |       |       |       |       |       |       |   227 |     4 ||   231
       Demon trident     |       |       |       |       |       |       |    55 |       ||    55
 Fire: Hunting sling     |       |       |       |       |    42 |   596 |    66 |       ||   704
       Hand crossbow     |       |       |       |       |       |       |    69 |   258 ||   327
Throw: Dart              |       |    12 |    21 |     9 |     1 |     5 |     7 |       ||    55
       Throwing net      |       |     1 |       |       |       |       |       |       ||     1
 Cast: Blink             |       |       |     1 |     6 |     1 |    10 |     5 |     9 ||    32
       Frozen Ramparts   |       |       |       |     3 |    19 |    23 |    20 |     6 ||    71
       Ozocubu's Armour  |       |       |       |     1 |    10 |     2 |     3 |       ||    16
       Olgreb's Toxic Ra |       |       |       |       |     3 |     4 |    13 |     2 ||    22
       Summon Mana Viper |       |       |       |       |       |     7 |     3 |     1 ||    11
       Metabolic Englaci |       |       |       |       |       |     3 |     8 |       ||    11
       Mephitic Cloud    |       |       |       |       |       |     3 |    18 |     9 ||    30
       Borgnjor's Vile C |       |       |       |       |       |    39 |    22 |    22 ||    83
       Manifold Assault  |       |       |       |       |       |    10 |    11 |     6 ||    27
       Airstrike         |       |       |       |       |       |    15 |     7 |    13 ||    35
       Irradiate         |       |       |       |       |       |       |       |    10 ||    10
       Statue Form       |       |       |       |       |       |       |       |     5 ||     5
Invok: Draw Destruction  |       |       |       |    19 |    21 |    35 |    20 |    12 ||   107
       Draw Summoning    |       |       |       |     1 |     2 |       |     7 |     7 ||    17
       Draw Escape       |       |       |       |       |     2 |     4 |     4 |       ||    10
       Stack Five        |       |       |       |       |     1 |       |     2 |     1 ||     4
       Draw Stack        |       |       |       |       |       |     4 |     6 |     5 ||    15
       Deal Four         |       |       |       |       |       |     1 |     1 |       ||     2
Evoke: Wand              |       |       |     4 |    22 |     7 |    28 |    17 |    24 ||   102
       Tin of tremorston |       |       |       |       |     2 |       |     3 |     2 ||     7
       Lightning rod     |       |       |       |       |       |     4 |       |     4 ||     8
       Condenser vane    |       |       |       |       |       |     1 |     1 |     2 ||     4
  Use: Scroll            |     5 |    11 |     7 |    12 |     8 |    11 |    16 |     6 ||    76
       Potion            |       |       |     1 |     3 |     4 |     9 |    15 |    11 ||    43
 Stab: Sleeping          |    16 |    12 |     6 |     9 |    32 |    24 |    28 |     4 ||   131
       Distracted        |     1 |     1 |       |       |     4 |     7 |     7 |     3 ||    23
       Confused          |       |       |       |       |       |     4 |    21 |     8 ||    33
       Paralysed         |       |       |       |       |       |       |       |     1 ||     1
Armor: Robe              |    15 |     5 |       |       |       |       |       |       ||    20
       Leather armour    |       |    26 |   116 |   142 |   321 |   192 |    32 |       ||   829
       Ring mail         |       |       |       |       |       |       |   191 |   137 ||   328
       Skin              |       |       |       |       |       |       |       |    19 ||    19
Dodge: Dodged            |    28 |    62 |   195 |   311 |   816 |   750 |   791 |   513 ||  3466
Block: Other             |       |       |     9 |       |       |       |       |       ||     9
       Buckler           |       |       |       |   148 |   426 |   129 |       |       ||   703
       Kite shield       |       |       |       |       |       |   816 |  1229 |   789 ||  2834

Table legend: (Time is in decaauts)
 A = Elapsed time spent in this place.
 B = Non-inter-level travel time spent in this place.
 C = Inter-level travel time spent in this place.
 D = Time resting spent in this place.
 E = Time spent auto-exploring this place.
 F = Levels seen in this place.
 G = Mean time per level.
                   A        B        C        D        E       F      G
               +--------+--------+--------+--------+--------+-----+--------+
         Total | 107175 | 102535 |   4640 |  55408 |  27121 |  44 | 2435.8 |
       Dungeon |  28705 |  27333 |   1372 |  14228 |   8343 |  15 | 1913.7 |
          Lair |  13948 |  13158 |    790 |   6218 |   4592 |   6 | 2324.7 |
         Swamp |  10580 |  10350 |    230 |   5710 |   2913 |   4 | 2645.0 |
     Snake Pit |  14705 |  14047 |    658 |   8490 |   2554 |   4 | 3676.2 |
  Orcish Mines |   4521 |   4106 |    415 |   2206 |   1008 |   2 | 2260.5 |
   Elven Halls |   8045 |   7777 |    268 |   4024 |   2049 |   3 | 2681.7 |
        Vaults |  23021 |  22180 |    841 |  13086 |   4806 |   5 | 4604.2 |
        Depths |   2881 |   2819 |     62 |   1381 |    809 |   2 | 1440.5 |
         Abyss |    443 |    443 |      0 |     63 |      0 |   2 |  221.5 |
         Sewer |    322 |    322 |      0 |      0 |     46 |   1 |  322.0 |
               +--------+--------+--------+--------+--------+-----+--------+

Top non-repeatable levels by time:
 Snake:4: 6768 daAuts
Vaults:2: 5896 daAuts
Vaults:4: 5570 daAuts
   Elf:3: 4900 daAuts
Vaults:1: 4546 daAuts
     D:4: 3988 daAuts
  Lair:6: 3937 daAuts
    D:11: 3779 daAuts
Vaults:3: 3772 daAuts
   Orc:2: 3644 daAuts
 Swamp:3: 3239 daAuts
Vaults:5: 3236 daAuts
    D:13: 3190 daAuts
  Lair:1: 3153 daAuts
 Swamp:2: 3094 daAuts
